 Dungeon Crawl Stone Soup version 0.32-a0-411-g744942f433 (webtiles) character file.

Game seed: 3167277209819232343

1248 ezpacito the Trooper (level 8, 0/54 HPs)
             Began as a Demonspawn Chaos Knight on Feb 20, 2024.
             Was a Plaything of Xom.
             Slain by an ufetubus (7 damage)
             ... on level 5 of the Dungeon.
             The game lasted 00:09:04 (4035 turns).

ezpacito the Trooper (Demonspawn Chaos Knight)      Turns: 4035, Time: 00:09:04

Health: 0/54       AC: -5    Str: 14    XL:     8   Next: 26%
Magic:  12/12      EV:  8    Int: 12    God:    Xom [.....*]
Gold:   208        SH:  0    Dex: 14    Spells: 4/12 levels left

rFire   . . .        a - +0 hand axe (chaos)
rCold   . . .        (no shield)
rNeg    . . .        g - +4 chain mail {rPois}
rPois   +            (helmet restricted)
rElec   .            (no cloak)
rCorr   .            (no gloves)
SInv    .            e - +0 pair of boots
Will    .....        h - amulet of regeneration Stlth
                     (no ring)
HPRegen 1.89/turn    (no ring)
MPRegen 0.13/turn

%: no passive effects
@: corroded
A: horns 2, foul stench 1, frail 1, regeneration 1
a: Renounce Religion


You were on level 5 of the Dungeon.
You worshipped Xom.
You were Xom's teddy bear.
You visited 2 branches of the dungeon, and saw 6 of its levels.

You collected 335 gold pieces.
You spent 127 gold pieces at shops.

Inventory:

Hand Weapons
 a - a +0 hand axe of chaos (weapon)
 s - a +1 war axe
Missiles
 k - a curare-tipped dart
 m - 10 poisoned darts (quivered)
 p - 12 boomerangs
Armour
 e - a +0 pair of boots (worn)
 g - a +4 chain mail of poison resistance (worn)
Jewellery
 f - a ring of ice
 h - an amulet of regeneration (around neck)
 o - a ring of ice
Talismans
 r - a serpent talisman
Scrolls
 b - a scroll of amnesia
 c - a scroll of vulnerability
 d - a scroll of torment
 j - 2 scrolls of fog
 l - 2 scrolls of noise
 n - a scroll of revelation
 q - 2 scrolls of poison


   Skills:
 * Level 4.6 Fighting
 * Level 4.2 Axes
 * Level 3.7 Armour
 * Level 3.3 Dodging
 + Level 2.2 Stealth
 * Level 2.7 Unarmed Combat
 * Level 2.9 Spellcasting
 + Level 1.3 Summonings
 * Level 2.8 Necromancy
 + Level 1.5 Alchemy


You had 4 spell levels left.
You knew the following spells:

 Your Spells              Type           Power      Damage    Failure   Level
a - Cigotuvi's Dreadful   Necr/Alch/Air  10%        N/A       97%         2
b - Martyr's Knell        Necr/Summ      6%         N/A       100%        4
c - Kiss of Death         Conj/Necr      20%        2d7       91%         1
d - Foxfire               Conj/Fire      4%         2x1d4     98%         1

Your spell library contained the following spells:

 Spells                   Type           Power      Damage    Failure   Level
 Confusing Touch          Hex            1%         N/A       100%        3
 Dispel Undead            Necr           8%         3d8       100%        4
 Death Channel            Necr           4%         N/A       100%        6
 Plasma Beam              Fire/Air       0%         2x1d10    100%        6
 Starburst                Conj/Fire      0%         6d3       100%        6


Dungeon Overview and Level Annotations

Branches:
Dungeon (5/15)             Temple (1/1) D:5

Altars:
Ashenzari
Cheibriados
Fedhas
Gozag
Kikubaaqudgha
Makhleb
Nemelex Xobeh
Qazlal
Uskayaw
Vehumet
Wu Jian
Xom
Yredelemnul

Shops:
D:4 [


Innate Abilities, Weirdness & Mutations

You have a pair of horns on your head.
You may rarely emit foul miasma when damaged in melee.
You are frail. (-10% HP)
Your natural rate of healing is unusually fast.


Message History

You emit a cloud of foul miasma!
The ufetubus hits you. The adder bites you.
You are too injured to fight recklessly!
You are too injured to fight recklessly!
You are too injured to fight recklessly!
You are too injured to fight recklessly!
You are too injured to fight recklessly!
You are too injured to fight recklessly!
You are too injured to fight recklessly!
You are too injured to fight recklessly!
Unknown command.
You aren't carrying any potions.
You hit the adder but do no damage.
The adder seems to slow down.
The adder is severely wounded.
You hit the ufetubus. You burn the ufetubus. The ufetubus hits you. x2
* * * LOW HITPOINT WARNING * * *
The ufetubus hits you.
* * * LOW HITPOINT WARNING * * *
The ufetubus hits you.
* * * LOW HITPOINT WARNING * * *
The adder bites you.
* * * LOW HITPOINT WARNING * * *
You barely miss the adder.
The adder is severely wounded.
You hit the ufetubus but do no damage.
The ufetubus seems to grow stronger.
The ufetubus closely misses you. The ufetubus hits you.
* * * LOW HITPOINT WARNING * * *
The adder bites you.
* * * LOW HITPOINT WARNING * * *
The ufetubus barely misses you. x2
You closely miss the adder.
The adder is severely wounded.
You hit the ufetubus but do no damage.
The ufetubus seems to slow down.
The ufetubus hits you.
* * * LOW HITPOINT WARNING * * *
The ufetubus barely misses you. The adder bites you.
* * * LOW HITPOINT WARNING * * *
This is a scroll of acquirement!
Something appears at your feet! The ufetubus hits you!
You die... "I guess I need a new plaything now."

#....#...............#.
.. ..
###..#....†.!..........
...
#........#............
#...........#.........
##..........#.........
#.....................
#.....................
##.#....<5.?.5........
###...###..@........#
.# #...S.........
#..........#..
#####.....##.. #.......
.....#. ....... .......


You could see an adder (slow, corroded) and 2 ufetubi.

Vanquished Creatures
  2 black bears
  A weeping skull (D:3)
  A kobold brigand (D:4)
  2 scorpions
  A jelly (D:5)
  4 orc priests
  3 hounds
  3 iguanas
  3 orc wizards (D:4)
  3 gnolls
  8 adders
  2 ribbon worms (D:2)
  2 dart slugs
  10 orcs
  7 endoplasms
  2 giant cockroaches
  6 goblins
  12 hobgoblins
  7 jackals
  2 quokkas
  10 ball pythons
  A bat (D:1)
  6 frilled lizards
  5 kobolds
  3 rats
  A spectral orc (D:3)
107 creatures vanquished.

Vanquished Creatures (collateral kills)
  Duvessa (D:5)
  Dowan (D:5)
  A ribbon worm (D:5)
  An orc (D:4)
4 creatures vanquished.

Grand Total: 111 creatures vanquished

Notes
Turn   | Place    | Note
-------+----------+-------------------------------------------
     0 | D:1      | ezpacito the Demonspawn Chaos Knight began the quest for
                  | the Orb.
     0 | D:1      | Reached XP level 1. HP: 18/18 MP: 1/1
    90 | D:1      | Reached skill level 1 in Dodging
   177 | D:1      | Gained mutation: You may rarely emit foul miasma when
                  | damaged in melee. [demonic ancestry]
   177 | D:1      | Reached XP level 2. HP: 24/24 MP: 2/2
   434 | D:1      | Reached XP level 3. HP: 22/29 MP: 3/3
   791 | D:2      | Gained mutation: You have a pair of small horns on your
                  | head. [demonic ancestry]
   791 | D:2      | Reached XP level 4. HP: 32/35 MP: 4/4
  1024 | D:2      | Reached skill level 1 in Stealth
  1024 | D:2      | Reached skill level 1 in Spellcasting
  1138 | D:2      | Reached skill level 1 in Unarmed Combat
  1171 | D:2      | Reached XP level 5. HP: 42/42 MP: 6/6
  1605 | D:3      | Learned a level 2 spell: Cigotuvi's Dreadful Rot
  1610 | D:3      | Learned a level 4 spell: Martyr's Knell
  1635 | D:3      | Found a burning altar of Makhleb.
  1643 | D:3      | XOM: potion effect (haste)
  2005 | D:3      | Found a basalt altar of Yredelemnul.
  2017 | D:3      | XOM: silly message
  2027 | D:3      | XOM: noise
  2037 | D:3      | Reached XP level 6. HP: 36/46 MP: 8/8
  2089 | D:3      | Reached skill level 1 in Necromancy
  2199 | D:3      | XOM: 2-stop teleportation journey
  2533 | D:3      | XOM: summons 4 hostile demons
  2534 | D:3      | Noticed a neqoxec
  2537 | D:3      | Gained mutation: Your body sometimes deteriorates upon
                  | taking damage. [a neqoxec]
  2538 | D:3      | Gained mutation: Your system is resistant to poisons.
                  | (rPois) [a neqoxec]
  2538 | D:3      | XOM: smoke on damage
  2544 | D:3      | Lost mutation: Your body sometimes deteriorates upon taking
                  | damage. [potion of mutation]
  2544 | D:3      | Lost mutation: Your system is resistant to poisons. (rPois)
                  | [potion of mutation]
  2544 | D:3      | Gained mutation: Your natural rate of healing is unusually
                  | fast. [potion of mutation]
  2544 | D:3      | Gained mutation: You are frail. (-10% HP) [potion of
                  | mutation]
  2544 | D:3      | Gained mutation: You have a pair of horns on your head.
                  | [potion of mutation]
  2743 | D:4      | XOM: summons 4 hostile demons
  2744 | D:4      | Noticed a chaos spawn
  2744 | D:4      | XOM: summons 2 hostile demons
  2974 | D:4      | Learned a level 1 spell: Kiss of Death
  2976 | D:4      | Learned a level 1 spell: Foxfire
  2990 | D:4      | Found Fulyoh's Antique Armour Shop.
  2998 | D:4      | Bought a runed chain mail for 127 gold pieces
  3060 | D:4      | XOM: enchant monster (good)
  3175 | D:4      | XOM: swap monsters
  3179 | D:4      | XOM: butterfly on damage
  3181 | D:4      | XOM: enchant monster (bad)
  3182 | D:4      | XOM: cast spell 'Leda's Liquefaction'
  3186 | D:4      | Reached XP level 7. HP: 21/48 MP: 8/10
  3189 | D:4      | XOM: summons friendly crimson imp
  3311 | D:4      | Reached skill level 1 in Alchemy
  3400 | D:4      | XOM: scenery: summon butterflies
  3497 | D:4      | Reached skill level 1 in Summonings
  3703 | D:5      | Entered Level 5 of the Dungeon
  3760 | D:5      | Noticed Duvessa
  3760 | D:5      | XOM: scenery: create altars
  3761 | D:5      | Noticed Dowan
  3768 | D:5      | XOM: enchant monster (good)
  3770 | D:5      | Killed Duvessa
  3774 | D:5      | Killed Dowan
  3817 | D:5      | Reached XP level 8. HP: 52/54 MP: 11/11
  3887 | D:5      | Found a sparkling altar of Nemelex Xobeh.
  3910 | D:5      | Found a staircase to the Ecumenical Temple.
  3934 | Temple   | Entered the Ecumenical Temple
  3983 | D:5      | HP: 2/54 [acid (9)]
  4035 | D:5      | Identified a scroll of acquirement
  4035 | D:5      | Acquired the ring of Qaharph {rCorr Str-2 Dex+3 Slay+6
                  | Stlth+}
  4035 | D:5      | Slain by an ufetubus

Illustrated notes

Levels and vault maps discovered:
D:1:      elethiomel_arrival_quiet, layout_basic, serial_bayou_pond_e
D:2:      minmay_inner_zag, layout_loops_ring
D:3:      layout_basic, yredelemnul_forgotten_temple_becter,
          mainiacjoe_overflow_paths, serial_co_window_serial, co_window_paths_b,
          co_window_of_opportunity_a, co_window_paths_b, co_window_corner_a,
          co_window_paths_a, co_window_paths_a, co_window_2corner,
          co_window_of_opportunity_c, co_window_unsneaky_path_d,
          co_window_corner_cb, co_window_corner_cb, co_window_paths_c,
          co_window_corner_cb, glass_columns_b, glass_columns_b, glass_columns_b
D:4:      layout_loops_ring, serial_shops, shop, chequers_serial_rivers_room_a
D:5:      layout_cave_pools, mainiacjoe_overflow_alcove_4,
          minmay_temple_entry_overgrown, serial_glass, glass_columns_a,
          glass_columns_a, nicolae_half_adder, uniq_duvessa
Temple:   nicolae_temple_ecumenical_triangle

Skill      XL: |  1  2  3  4  5  6  7 |
---------------+----------------------+-----
Dodging        | 1 2 3 |  3.3
Armour         | 2 3 |  3.7
Axes           | 3 4 |  4.2
Stealth        | 1 2 |  2.2
Spellcasting   | 1 2 |  2.9
Unarmed Combat | 1 2 |  2.7
Necromancy     | 1 2 |  2.8
Fighting       | 4 |  4.6
Alchemy        | 1 |  1.5
Summonings     | 1 |  1.3

Action                     |  1- 3 |  4- 6 |  7- 9 || total
---------------------------+-------+-------+-------++-------
  Melee: Hand axe          |    66 |   185 |   118 ||   369
         Headbutt          |       |    37 |    25 ||    62
    Use: Scroll            |     3 |    13 |     1 ||    17
         Potion            |       |     4 |     2 ||     6
   Stab: Confused          |       |     1 |       ||     1
         Sleeping          |       |     1 |       ||     1
         Petrifying        |       |     2 |       ||     2
         Paralysed         |       |     4 |     2 ||     6
         Petrified         |       |     1 |       ||     1
 Armour: Leather armour    |    38 |    33 |       ||    71
         Scale mail        |       |   111 |       ||   111
         Chain mail        |       |    15 |   135 ||   150
  Dodge: Dodged            |    58 |   121 |    40 ||   219

Table legend: (Time is in decaauts)
 A = Elapsed time spent in this place.
 B = Non-inter-level travel time spent in this place.
 C = Inter-level travel time spent in this place.
 D = Time resting spent in this place.
 E = Time spent auto-exploring this place.
 F = Levels seen in this place.
 G = Mean time per level.
                   A        B        C        D        E       F      G
               +--------+--------+--------+--------+--------+-----+--------+
         Total |   4057 |   3761 |    296 |     54 |   2706 |   6 |  676.2 |
       Dungeon |   4055 |   3759 |    296 |     54 |   2706 |   5 |  811.0 |
        Temple |      1 |      1 |      0 |      0 |      0 |   1 |    1.0 |
               +--------+--------+--------+--------+--------+-----+--------+

Top non-repeatable levels by time:
     D:3: 1177 daAuts
     D:2: 895 daAuts
     D:4: 892 daAuts
     D:1: 766 daAuts
     D:5: 323 daAuts
  Temple: 1 daAuts
